 Dungeon Crawl Stone Soup version 0.19.1-1-g22dce08 (webtiles) character file.

578 M4edhros the Spear-Bearer (level 7, 0/69 HPs)
             Began as an Octopode Chaos Knight on Dec 29, 2016.
             Succumbed to Grinder's poison
             ... on level 3 of the Dungeon.
             The game lasted 00:04:25 (8350 turns).

M4edhros the Spear-Bearer (Octopode Chaos Knight)   Turns: 8350, Time: 00:04:26

Health: 0/69       AC: 23    Str: 12    XL:     7   Next: 35%
Magic:  3/7        EV:  2    Int: 16    God:    Xom [...*..]
Gold:   149        SH:  0    Dex: 18    Spells: 0 memorised, 6 levels left

rFire  . . .     SeeInvis +     a - +0 spear (chaos)
rCold  . . .     Gourm    .     (no shield)
rNeg   + + +     Faith    +     (helmet currently unavailable)
rPois  +         Spirit   .     m - amulet of faith
rElec  .         Reflect  .     (no ring)
rCorr  .         Harm     .     (no ring)
MR     +....     NoTele   +     (no ring)
Stlth  +++.......               (no ring)
                                (no ring)
                                (no ring)
                                (no ring)
                                (no ring)

@: agile, lethally poisoned (0 -> -1), exhausted, tree-form, slowed, very slow
A: almost no armour, stealthy swim, (amphibious), 8 rings, (constrict 8), (icy
blue scales 0), (camouflage 0), see invisible, clever 1, (fire resistance 0),
magic resistance 1, (gelatinous body 0)
a: Renounce Religion


You were on level 3 of the Dungeon.
You worshipped Xom.
You were a favourite toy of Xom.
You were very hungry.
You were a tree.
You visited 1 branch of the dungeon, and saw 3 of its levels.

You collected 149 gold pieces.

Inventory:

Hand Weapons
 a - a +0 spear of chaos (weapon)
 r - a +0 blowgun
Missiles
 s - 10 poisoned needles
 w - 31 stones (quivered)
Jewellery
 m - an amulet of faith (around neck)
Wands
 n - a wand of acid (2/15)
Scrolls
 d - 2 scrolls of teleportation {unknown}
 f - 6 scrolls of identify {unknown}
 h - a scroll of blinking {unknown}
 j - 2 scrolls of amnesia {unknown}
 k - a scroll of magic mapping {unknown}
 l - a scroll of enchant weapon {unknown}
 o - 2 scrolls of remove curse {unknown}
Potions
 e - a potion of cure mutation
Comestibles
 b - a bread ration
 g - a meat ration
 i - 2 beef jerkies
 q - a royal jelly


   Skills:
 - Level 3.0 Fighting
 + Level 8.2 Polearms
 - Level 2.3 Dodging


You had 6 spell levels left.
You didn't know any spells.

Dungeon Overview and Level Annotations

Branches:
Dungeon (3/15)

Altars:
Elyvilon
Xom

Annotations:
D:3 1 runed door


Innate Abilities, Weirdness & Mutations

You cannot wear most types of armour.
You are very stealthy in the water. (Stealth+)
((You are amphibious.))
You can wear up to eight rings at the same time.
((You can use your tentacles to constrict eight enemies at once.))
((Your skin changes colour to match your surroundings (Stealth+).))
((Your rubbery body absorbs attacks. (AC +1, EV +1)))
((You are partially covered in icy blue scales. (AC +2)))
You have supernaturally acute eyesight. (SInv)
Your mind is acute. (Int +2)
((Your flesh is heat resistant. (rF+)))
You are resistant to hostile enchantments. (MR+)


Message History

You don't know any spells.
There is a lethal amount of poison in your body!
There is a lethal amount of poison in your body!
Okay, then.
* * * LOW HITPOINT WARNING * * *
You feel sick.
* * * LOW HITPOINT WARNING * * *
You feel sick.
* * * LOW HITPOINT WARNING * * *
You feel sick.
* * * LOW HITPOINT WARNING * * *
You feel sick.
* * * LOW HITPOINT WARNING * * *
You feel sick.
* * * LOW HITPOINT WARNING * * *
You feel sick.
* * * LOW HITPOINT WARNING * * *
You feel sick.
You die...
Xom laughs nastily!

#.#......._......#...#.........
#.####.._.......##>..#.##......
#.#..._._._..._...####.##......
#.#.###.######.##.# #.##...###
#.#.###.. #.##.####.##..##
#....###. #.##......##.##
#....# . #.#########.## r
#....# #.# #. r #....# #♣# #.
#....+ #.......# ## #....#
#(......# ###....# #.......#
.......# #.%.....# .......# #
........# .......#.##
.#.#...... ..........#
#.#.#...... ............


There were no monsters in sight!

Vanquished Creatures
  An apocalypse crab (D:3)
  4 adders
  A gnoll (D:2)
  An ooze (D:2)
  A worm (D:2)
  3 dart slugs (D:1)
  2 leopard geckos
  An orc (D:2)
  6 bats
  6 giant cockroaches
  11 goblins
  7 hobgoblins
  9 jackals (D:2)
  13 kobolds
  3 quokkas (D:2)
  4 ball pythons
  5 frilled lizards
  8 rats
86 creatures vanquished.

Vanquished Creatures (collateral kills)
  Sigmund (D:2)
  A worm (D:2)
  A rat (D:2)
3 creatures vanquished.

Grand Total: 89 creatures vanquished

Notes
Turn   | Place    | Note
-------+----------+-------------------------------------------
     0 | D:1      | M4edhros the Octopode Chaos Knight began the quest for the Orb.
     0 | D:1      | Reached XP level 1. HP: 16/16 MP: 1/1
    13 | D:1      | Reached XP level 2. HP: 8/21 MP: 2/2
   272 | D:1      | XOM: harmless Tmut miscast
   607 | D:1      | XOM: divination: magic mapping
   694 | D:1      | XOM: harmless Erth miscast
   706 | D:1      | XOM: polymorph hobgoblin -> kobold
   707 | D:1      | Reached skill level 4 in Polearms
   832 | D:1      | Reached XP level 3. HP: 26/26 MP: 3/3
   878 | D:1      | XOM: harmless Fire miscast
  1568 | D:1      | XOM: scenery: 1 doors close
  1947 | D:2      | Found a white marble altar of Elyvilon.
  1948 | D:2      | Noticed Sigmund
  1956 | D:2      | XOM: summons friendly white imp
  1959 | D:2      | Killed Sigmund
  1959 | D:2      | Reached skill level 6 in Polearms
  1959 | D:2      | Reached XP level 4. HP: 11/31 MP: 4/4
  1959 | D:2      | Reached XP level 5. HP: 13/36 MP: 5/5
  2468 | D:2      | XOM: scenery: create altars
  2588 | D:2      | XOM: 1-stop teleportation journey
  2705 | D:2      | XOM: harmless Necr miscast
  2754 | D:2      | XOM: mild Erth miscast
  3220 | D:2      | XOM: give mutations
  3220 | D:2      | Gained mutation: You have supernaturally acute eyesight. (SInv) [Xom's grace]
  3220 | D:2      | Gained mutation: You are resistant to hostile enchantments. (MR+) [Xom's grace]
  3220 | D:2      | Gained mutation: One of your tentacles bears a spike. [Xom's grace]
  3623 | D:2      | XOM: silly message
  3971 | D:2      | XOM: stat loss: -1 Dex (11/12)
  4117 | D:2      | XOM: medium Tloc miscast
  4246 | D:2      | XOM: give mutations
  4246 | D:2      | Gained mutation: You are frail. (-10% HP) [Xom's mischief]
  4246 | D:2      | Gained mutation: You expend magic power (3 MP) to strengthen your wands. [Xom's mischief]
  4246 | D:2      | Gained mutation: Your flesh is heat resistant. (rF+) [Xom's mischief]
  4295 | D:2      | XOM: harmless Conj miscast
  4451 | D:2      | Reached XP level 6. HP: 37/37 MP: 6/6
  5365 | D:2      | XOM: cast spell 'Necromutation'
  5488 | D:2      | XOM: scenery: create altars
  5757 | D:3      | XOM: 1-stop teleportation journey
  5888 | D:3      | XOM: 2-stop teleportation journey
  6309 | D:3      | XOM is BORED!
  6309 | D:3      | XOM: summons 2 hostile shadow creatures
  6569 | D:3      | XOM: give mutations
  6569 | D:3      | Gained mutation: Your mind is acute. (Int +2) [Xom's grace]
  6569 | D:3      | Gained mutation: You are partially covered in icy blue scales. (AC +2) [Xom's grace]
  6817 | D:3      | XOM: smoke on damage
  7231 | D:3      | XOM is BORED!
  7298 | D:3      | XOM: scenery: create altars
  7428 | D:3      | XOM: scenery: create altars
  7690 | D:3      | XOM: god gift: 13 stones
  7781 | D:3      | XOM: divination: detect creatures
  8274 | D:3      | Found a runed door.
  8315 | D:3      | Noticed Grinder
  8321 | D:3      | Noticed Grinder
  8321 | D:3      | Grinder changed into Grinder the apocalypse crab
  8321 | D:3      | XOM: polymorph Grinder -> Grinder the apocalypse crab
  8330 | D:3      | Killed Grinder the apocalypse crab
  8330 | D:3      | Reached skill level 8 in Polearms
  8330 | D:3      | Reached XP level 7. HP: 10/41 MP: 0/7
  8333 | D:3      | Lost mutation: One of your tentacles bears a spike. [potion of cure mutation]
  8333 | D:3      | Lost mutation: You are frail. (-10% HP) [potion of cure mutation]
  8333 | D:3      | Lost mutation: You expend magic power (3 MP) to strengthen your wands. [potion of cure mutation]
  8337 | D:3      | HP: 3/69 [poisoned by Grinder]
  8341 | D:3      | HP: 1/69 [poisoned by Grinder]
  8348 | D:3      | HP: 1/69 [poisoned by Grinder]
  8350 | D:3      | Succumbed to Grinder's poison

Skill      XL: |  1  2  3  4  5  6 |
---------------+-------------------+-----
Polearms       | 4 6 8 |  8.2
Fighting       | |  3.0
Dodging        | |  2.3

Action                   |  1- 3 |  4- 6 |  7- 9 || total
-------------------------+-------+-------+-------++-------
Melee: Spear             |    80 |   111 |       ||   191
       Constrict         |    17 |    22 |       ||    39
       Tentacles         |     8 |    16 |       ||    24
       Kick              |       |    14 |       ||    14
Evoke: Wand              |       |     2 |       ||     2
  Use: Potion            |       |     1 |     4 ||     5
 Stab: Sleeping          |    11 |     8 |       ||    19
       Distracted        |     1 |     2 |       ||     3
  Eat: Chunk             |     3 |    18 |       ||    21
Armor: Skin              |     4 |     4 |       ||     8
Dodge: Dodged            |    22 |    49 |       ||    71
